 Dungeon Crawl Stone Soup version 0.22.1-2-g9c5b331 (webtiles) character file.

65 aMcNicky the Bolt Thrower (level 4, 0/26 HPs)
             Began as a Kobold Arcane Marksman on Nov 12, 2018.
             Killed from afar by Natasha (5 damage)
             ... with a magic dart
             ... on level 2 of the Dungeon.
             The game lasted 00:07:25 (1425 turns).

aMcNicky the Bolt Thrower (Kobold Arcane Marksman)  Turns: 1425, Time: 00:07:26

Health: 0/26       AC:  2    Str:  5 (7)  XL:     4   Next: 35%
Magic:  4/5        EV: 16    Int: 12 (14) God:
Gold:   29         SH:  0    Dex: 14 (16) Spells: 2/5 levels left

rFire    . . .     SeeInvis .   a - +0 hand crossbow
rCold    . . .     Gourm    .   (shield restricted)
rNeg     . . .     Faith    .   e - +0 robe
rPois    .         Spirit   .   (no helmet)
rElec    .         Reflect  .   (no cloak)
rCorr    .         Harm     .   (no gloves)
MR       .....                  (no boots)
Stlth    +.........             (no amulet)
HPRegen  0.08/turn              (no ring)
MPRegen  0.09/turn              (no ring)

@: slowed, very slow
A: small, carnivore
a: no special abilities


You were on level 2 of the Dungeon.
You were very full.

You visited 1 branch of the dungeon, and saw 2 of its levels.

You collected 29 gold pieces.

Inventory:

Hand Weapons
 a - a +0 hand crossbow (weapon)
 b - a +1 dagger of draining
Missiles
 d - 10 bolts (quivered)
Armour
 e - a +0 robe (worn)
Jewellery
 g - an uncursed ring of protection from fire {unknown}
Scrolls
 c - a scroll of amnesia {unknown}
 h - a scroll of immolation {unknown}
 j - a scroll of teleportation {@r4}
 k - 2 scrolls of identify {unknown}
Potions
 l - 2 potions of curing {@q1}
Comestibles
 f - 3 rations {@e1}
 i - a chunk of flesh


   Skills:
 + Level 2.2 Fighting
 * Level 4.0 Crossbows
 + Level 3.2 Dodging
 - Level 1.1 Spellcasting
 - Level 3.0 Hexes


You had 2 spell levels left.
You knew the following spells:

 Your Spells              Type           Power        Failure   Level  Hunger
a - Corona                Hex            #......      9%          1    ##.....
b - Slow                  Hex            #.......     13%         2    ###....

Your spell library contained the following spells:

 Spells                   Type           Power        Failure   Level  Hunger
 Inner Flame              Hex/Fire       #.......     43%         3    ####...
 Portal Projectile        Hex/Tloc       #.....       43%         3    ####...
 Cause Fear               Hex            #.........   63%         4    #####..
 Leda's Liquefaction      Hex/Erth       #.........   85%         4    #####..


Dungeon Overview and Level Annotations

Branches:
Dungeon (2/15)

Altars:

Annotations:
D:2 Natasha


Innate Abilities, Weirdness & Mutations

You are small and have problems with some larger weapons.
You are carnivorous and can eat meat at any time.


Message History

Natasha is heavily wounded.
Natasha claws you.
* * * LOW HITPOINT WARNING * * *
Natasha closely misses you.
The rat twitches its whiskers.
Firing (i - inventory)
d - 11 bolts (quivered)
Press: ? - help, Shift-Dir - straight line, f/p - Natasha
Aim: Natasha (heavily wounded, softly glowing)
You shoot a bolt. The bolt barely misses Natasha.
Natasha stares at you and mumbles some strange words.
The magic dart hits you!
* * * LOW HITPOINT WARNING * * *
The rat misses you. Natasha closely misses you. The rat bites you.
* * * LOW HITPOINT WARNING * * *
It was a potion of degeneration.
There was something very wrong with that liquid.
You feel weakened.
You feel dopey.
You feel clumsy.
Natasha stares at you and mumbles some strange words.
The magic dart hits you!
You die...

## .<#+#+#####
#.......(..
#..........
#..........
####..........
#....(........
#(..h@†.......
##...r#.#.#####
...............>
.#######.#####.#
#.# #.#
#####'##+#####
#............#
#............#


You could see Natasha and a rat.

Vanquished Creatures
  Natasha (D:2)
  An ooze (D:1)
  A ball python (D:1)
  A giant cockroach (D:1)
  8 goblins (D:1)
  2 hobgoblins
  2 jackals (D:1)
  A kobold (D:1)
  8 bats (D:1)
  3 frilled lizards (D:1)
  7 rats
35 creatures vanquished.

Notes
Turn   | Place    | Note
-------+----------+-------------------------------------------
     0 | D:1      | aMcNicky the Kobold Arcane Marksman began the quest for the
                  | Orb.
     0 | D:1      | Reached XP level 1. HP: 12/12 MP: 2/2
   139 | D:1      | Reached XP level 2. HP: 16/16 MP: 3/3
   360 | D:1      | Reached skill level 3 in Crossbows
   586 | D:1      | Reached XP level 3. HP: 21/21 MP: 4/4
  1193 | D:1      | Learned a level 2 spell: Slow
  1212 | D:2      | Noticed Natasha
  1218 | D:2      | Killed Natasha
  1218 | D:2      | Reached XP level 4. HP: 25/26 MP: 1/5
  1225 | D:2      | Reached skill level 4 in Crossbows
  1416 | D:2      | Noticed Natasha
  1425 | D:2      | Killed from afar by Natasha

Skill      XL: |  1  2  3  4 |
---------------+-------------+-----
Crossbows      | 3 4 |  4.0
Dodging        | 3 |  3.2
Fighting       | 2 |  2.2
Spellcasting   | |  1.1
Hexes          | |  3.0

Action                   |  1- 3 |  4- 6 || total
-------------------------+-------+-------++-------
Melee: Dagger            |    48 |     7 ||    55
 Fire: Hand crossbow     |    33 |     6 ||    39
 Cast: Corona            |     3 |     2 ||     5
       Slow              |     1 |       ||     1
  Use: Potion            |     1 |     1 ||     2
       Scroll            |     1 |       ||     1
  Eat: Chunk             |     9 |       ||     9
Armor: Robe              |     8 |       ||     8
Dodge: Dodged            |    38 |     6 ||    44
